 Dungeon Crawl Stone Soup version 0.28.0-53-g5a82cb258f (webtiles) character file.

Game seed: 14627948966896029664

56 Gabide the Poker (level 3, 0/23 HPs)
             Began as a Tengu Monk on June 17, 2022.
             Succumbed to an adder's poison
             ... on level 2 of the Dungeon.
             The game lasted 00:00:59 (1227 turns).

Gabide the Poker (Tengu Monk)                       Turns: 1227, Time: 00:00:59

Health: 0/23       AC:  5    Str: 11    XL:     3   Next: 95%
Magic:  4/4        EV:  6    Int: 10    God:
Gold:   9          SH:  0    Dex: 18    Spells: 2/2 levels left

rFire   . . .      SeeInvis .   a - +1 spear (vorpal)
rCold   . . .      Faith    .   (no shield)
rNeg    . . .      Spirit   .   f - +0 ring mail
rPois   .          Reflect  .   (helmet restricted)
rElec   .          Harm     .   (no cloak)
rCorr   .          Rampage  .   (no gloves)
Will    .....                   (boots unavailable)
Stlth   ++........              (no amulet)
HPRegen 0.07/turn               (no ring)
MPRegen 0.09/turn               (no ring)

@: brilliant, lethally poisoned (0 -> -7), held
A: beak, talons 3
a: no special abilities


You were on level 2 of the Dungeon.
You visited 1 branch of the dungeon, and saw 2 of its levels.

You collected 9 gold pieces.

Inventory:

Hand Weapons
 a - a +1 vorpal spear (weapon)
Armour
 f - a +0 ring mail (worn)
Scrolls
 d - a scroll of summoning {unknown}
Potions
 e - a potion of mutation {unknown}


   Skills:
 + Level 3.6 Fighting
 + Level 4.0 Polearms
 + Level 4.0 Dodging
 - Level 2.0 Stealth


You had 2 spell levels left.
You didn't know any spells.
Your spell library contained the following spells:

 Spells                   Type           Power      Damage    Failure   Level
 Animate Dead             Necr           0%         N/A       100%        4
 Haunt                    Necr/Summ      0%         N/A       100%        7
 Infestation              Necr           0%         N/A       100%        8


Dungeon Overview and Level Annotations

Branches:
Dungeon (2/15)

Altars:

Shops:
D:1 (


Innate Abilities, Weirdness & Mutations

You have a beak for a mouth.
You have claws for feet.


Message History

You hit the adder.
The adder is severely wounded.
The gnoll throws a throwing net.
The throwing net hits you.
You become entangled in the net!
The adder bites you.
You are poisoned.
The adder poisons you!
You are held in a net!
You are held in a net!
You are held in a net!
You are held in a net!
You are held in a net!
You are held in a net!
You are held in a net!
You are held in a net!
You are held in a net!
You are held in a net!
You are held in a net!
You are held in a net!
You are held in a net!
You are held in a net!
You are held in a net!
You are held in a net!
You are held in a net!
You are held in a net!
You are held in a net!
You struggle against the net.
You feel sick.
The gnoll hits you from afar with a +0 spear.
The adder bites you but does no damage.
You struggle against the net.
You feel sick. The adder bites you but does no damage.
The gnoll barely misses you. The adder bites you.
You are more poisoned.
The adder poisons you!
You struggle against the net.
You feel sick.
The gnoll hits you from afar with a +0 spear.
* * * LOW HITPOINT WARNING * * *
The adder bites you but does no damage.
It was a potion of brilliance.
You feel clever all of a sudden.
You die...

##
######..##
#..)g....#
#.@)..⌠...
#..S.....#
######..##
##


You could see a gnoll and an adder.

Vanquished Creatures
  3 gnolls (D:2)
  A dart slug (D:1)
  2 endoplasms (D:1)
  A giant cockroach (D:1)
  A goblin (D:1)
  3 hobgoblins (D:1)
  4 kobolds (D:1)
  2 quokkas (D:1)
  A ball python (D:1)
  A bat (D:1)
  2 frilled lizards (D:1)
  2 rats (D:1)
23 creatures vanquished.

Notes
Turn   | Place    | Note
-------+----------+-------------------------------------------
     0 | D:1      | Gabide the Tengu Monk began the quest for the Orb.
     0 | D:1      | Reached XP level 1. HP: 14/14 MP: 2/2
    11 | D:1      | Found a faded altar of an unknown god.
   278 | D:1      | Reached XP level 2. HP: 19/19 MP: 3/3
   599 | D:1      | Found Areluboa's Antique Weapon Shoppe.
   997 | D:1      | Reached XP level 3. HP: 23/23 MP: 4/4
  1227 | D:2      | Succumbed to an adder's poison

Illustrated notes

Levels and vault maps discovered:
D:1:      scummos_arrival_star, layout_basic, ebering_ecumenical_altar_webs,
          serial_shops, nicolae_shop_temple_entry_statues_fountains,
          supply_closet_lemuel
D:2:      layout_basic, serial_shops, shop_fountains, grunt_ministairs_14,
          minmay_ruptured, uniq_robin

Skill      XL: |  1  2  3 |
---------------+----------+-----
Polearms       | 4 |  4.0
Dodging        | 4 |  4.0
Fighting       | |  3.6
Stealth        | |  2.0

Action                   || total
-------------------------++-------
Melee: Spear             ||    64
       Kick              ||    11
       Peck              ||     9
  Use: Potion            ||     1
 Stab: Sleeping          ||     2
Armor: Robe              ||     2
       Ring mail         ||     6
Dodge: Dodged            ||    26
